 Dungeon Crawl Stone Soup version 0.30.1-10-g1249ef9ec4 (webtiles) character file.

Game seed: 6283992003573465361

9066 lonewolfV2 the Protected (level 11, -6/75 HPs)
             Began as a Demonspawn Fighter on Oct 27, 2023.
             Was a Believer of Qazlal.
             Mangled by a troll (10 damage)
             ... on level 9 of the Dungeon.
             The game lasted 00:13:52 (7032 turns).

lonewolfV2 the Protected (Demonspawn Fighter)       Turns: 7032, Time: 00:13:52

Health: -6/75      AC: 29    Str: 20      XL:     11   Next: 18%
Magic:  18/18      EV: 11    Int:  9 (10) God:    Qazlal [**....]
Gold:   483        SH: 17    Dex: 18 (19) Spells: 10/10 levels left

rFire   . . .        a - +0 war axe
rCold   + . .        h - +1 tower shield
rNeg    . . .        q - +11 plate armour "Otsumos" {Harm rC+ Regen+}
rPois   .            (helmet restricted)
rElec   .            (no cloak)
rCorr   .            (no gloves)
SInv    .            (no boots)
Will    .....        j - amulet of magic regeneration Stlth
                     n - +6 ring of dexterity
HPRegen 1.12/turn    w - +4 ring of protection
MPRegen 0.72/turn

%: harm (+30% outgoing, +20% incoming)
@: no status effects
A: horns 2, repulsion field 2, demonic guardian 3, magic regeneration, talons 1,
deterioration 1
a: Renounce Religion, Upheaval


You were on level 9 of the Dungeon.
You worshipped Qazlal.
Qazlal was pleased with you.
You visited 2 branches of the dungeon, and saw 10 of its levels.

You collected 483 gold pieces.

Inventory:

Hand Weapons
 a - a +0 war axe (weapon)
Armour
 b - a +0 scale mail
 c - a +0 buckler
 h - a +1 tower shield (worn)
 q - the +11 plate armour "Otsumos" (worn) {Harm rC+ Regen+}
   (You found it on level 4 of the Dungeon)

   rC:        It protects you from cold.
   Regen:     It increases your rate of health regeneration.
   Harm:      It increases damage dealt and taken.
 A - a +1 pair of gloves
Jewellery
 j - an amulet of magic regeneration (around neck)
 k - a ring of positive energy
 n - a +6 ring of dexterity (left hand)
 t - a ring of flight
 w - a +4 ring of protection (right hand)
Wands
 s - a wand of mindburst (11)
 u - a wand of digging (4)
 y - a wand of roots (4)
Scrolls
 e - 3 scrolls of noise
 o - a scroll of fog {unknown}
 x - a scroll of amnesia {unknown}
Potions
 d - a potion of might
 f - 5 potions of curing
 g - a potion of ambrosia
 i - 3 potions of haste
 l - 2 potions of lignification
 m - 2 potions of attraction
 p - a potion of resistance {unknown}
 r - a potion of degeneration
 v - a potion of invisibility {unknown}


   Skills:
 - Level 3.0 Fighting
 - Level 1.7 Axes
 + Level 10.4 Armour
 + Level 10.4 Dodging
 - Level 2.6 Shields
 - Level 10.0 Invocations


You had 10 spell levels left.
You didn't know any spells.
Your spell library contained the following spells:

 Spells                   Type           Power      Damage    Failure   Level
 Summon Small Mammal      Summ           0%         N/A       100%        1
 Blink                    Tloc           0%         N/A       100%        2
 Cigotuvi's Dreadful Rot  Necr/Pois/Air  0%         N/A       100%        2
 Lesser Beckoning         Tloc           0%         N/A       100%        2
 Momentum Strike          Conj/Tloc      0%         3d8       100%        2
 Call Canine Familiar     Summ           0%         N/A       100%        3
 Ignite Poison            Fire/Tmut/Pois 0%         N/A       100%        3
 Summon Guardian Golem    Hex/Summ       0%         N/A       100%        3
 Freezing Cloud           Conj/Ice/Air   0%         6-21      100%        5


Dungeon Overview and Level Annotations

Branches:
Dungeon (9/15)             Temple (1/1) D:7            Lair (0/5) D:8
    Orc: D:9-12

Altars:
Ashenzari
Cheibriados
Dithmenos
Fedhas
Gozag
Hepliaklqana
Makhleb
Nemelex Xobeh
Qazlal
Trog
Uskayaw
Vehumet
Wu Jian
Yredelemnul

Shops:
D:1 (   D:2 !   D:3 !


Innate Abilities, Weirdness & Mutations

You have a pair of horns on your head.
You are surrounded by a moderate repulsion field. (EV +3)
A powerful demonic guardian rushes to your aid.
You regenerate magic rapidly.
You have sharp toenails.
Your body sometimes deteriorates upon taking damage.


Message History

The centaur warrior kicks you but does no damage.
You slash the centaur warrior!
You claw the centaur warrior, but do no damage.
Your headbutt misses the centaur warrior.
The centaur warrior is severely wounded.
You block the centaur warrior's attack.
The centaur warrior kicks you but does no damage.
You block the centaur warrior's attack. x2
The troll bites you but does no damage. The troll barely misses you.
The troll claws you but does no damage.
The centaur warrior hits you but does no damage.
The centaur warrior kicks you but does no damage.
You hit the centaur warrior. You claw the centaur warrior.
You headbutt the centaur warrior.
The centaur warrior is severely wounded.
You hit the troll but do no damage.
The centaur warrior hits you but does no damage.
The centaur warrior misses you. The troll bites you!
* * * LOW HITPOINT WARNING * * *
You block the troll's attack. The troll claws you but does no damage.
The centaur warrior hits you with a staff of earth!
* * * LOW HITPOINT WARNING * * *
Your body deteriorates!
You feel dopey.
A demonic guardian appears!
The centaur warrior kicks you but does no damage.
You block the troll's attack. The troll claws you.
* * * LOW HITPOINT WARNING * * *
The troll barely misses you.
You hit the centaur warrior but do no damage.
You claw the centaur warrior! You headbutt the centaur warrior.
The centaur warrior is almost dead.
You barely miss the troll.
The centaur warrior is engulfed in freezing vapours.
You kill the centaur warrior!
Qazlal accepts your kill.
A centaur comes into view.
Your balrug hits the troll with a +2 demon whip of electrocution.
The troll is engulfed in flames!
You block the troll's attack. x2
The troll claws you!
You die...

.8 #.8 ##. .. 8.8 ..
...
#.#####.#####.###...
................)).
..).#.. #...#2.)..# #
....#..##.)☼T..#
.####........#)°@)).#
..#..........†).)).##
.........c....).#.##
.†#......##...)####
..##.##...#......#
..##.# #..##....##
.....# #...##...# .
...#.###.....#..# .#
.......#.....##.#..~


You could see a troll (ally target), a centaur (wandering) and a friendly balrug
(summoned).

Vanquished Creatures
  2 centaur warriors (D:9)
  Maurice (D:8)
  Joseph (D:8)
  Maggie (D:8)
  7 yaks (D:9)
  2 wyverns
  2 basilisks
  Duvessa (D:7)
  A water moccasin (D:9)
  An ice beast (D:7)
  3 black bears
  An ogre (D:7)
  A centaur (D:5)
  3 phantoms
  A kobold brigand (D:9)
  3 scorpions
  14 wights
  Dowan (D:7)
  3 howler monkeys
  A quasit (D:6)
  3 hounds (D:5)
  2 gnoll boudas
  2 sleepcaps
  2 iguanas
  Jessica (D:3)
  3 orc wizards
  8 gnolls
  8 adders
  A shadow imp (D:6)
  4 white imps
  3 ufetubi
  3 worms (D:2)
  4 dart slugs
  25 orcs
  5 bats
  5 endoplasms
  3 giant cockroaches
  6 goblins
  6 hobgoblins
  5 jackals
  8 kobolds
  4 quokkas
  6 ball pythons
  4 frilled lizards
  4 rats
175 creatures vanquished.

Vanquished Creatures (collateral kills)
  A two-headed ogre (D:9)
  A manticore (D:9)
  An elephant (D:8)
  A troll (D:9)
  Prince Ribbit (D:8)
  4 yaks (D:9)
  A wraith (D:9)
  4 orc warriors (D:9)
  A sky beast (D:6)
  An ogre (D:9)
  A centaur (D:9)
  A killer bee (D:9)
  A howler monkey (D:9)
  An orc priest (D:9)
  An adder (D:5)
  8 orcs (D:9)
  An endoplasm (D:2)
  A giant cockroach (D:3)
  A hobgoblin (D:2)
  A frilled lizard (D:2)
33 creatures vanquished.

Vanquished Creatures (others)
  A quasit (D:6)
1 creature vanquished.

Grand Total: 209 creatures vanquished

Notes
Turn   | Place    | Note
-------+----------+-------------------------------------------
     0 | D:1      | lonewolfV2 the Demonspawn Fighter began the quest for the
                  | Orb.
     0 | D:1      | Reached XP level 1. HP: 18/18 MP: 1/1
    81 | D:1      | Found Eghizuz's Weapon Emporium.
    85 | D:1      | Reached skill level 1 in Dodging
    85 | D:1      | Gained mutation: You are surrounded by a mild repulsion
                  | field. (EV +2) [demonic ancestry]
    85 | D:1      | Reached XP level 2. HP: 19/24 MP: 2/2
    90 | D:1      | Reached skill level 1 in Invocations
   598 | D:1      | Gained mutation: A weak demonic guardian rushes to your
                  | aid. [demonic ancestry]
   598 | D:1      | Reached XP level 3. HP: 28/29 MP: 4/4
  1405 | D:2      | Found Emisomev's Distillery.
  1420 | D:2      | Gained mutation: You have a pair of small horns on your
                  | head. [demonic ancestry]
  1420 | D:2      | Reached XP level 4. HP: 35/35 MP: 5/5
  2561 | D:3      | Noticed Jessica
  2569 | D:3      | Killed Jessica
  2634 | D:3      | Found a radiant altar of Vehumet.
  2647 | D:3      | Found Tawulepo's Distillery.
  3031 | D:4      | Reached XP level 5. HP: 38/41 MP: 7/7
  3204 | D:4      | Noticed a phantom
  3228 | D:4      | Killed a phantom
  3531 | D:4      | Identified the +11 plate armour "Otsumos" {Harm rC+ Regen+}
  3688 | D:4      | Reached XP level 6. HP: 43/47 MP: 8/8
  3788 | D:5      | Entered Level 5 of the Dungeon
  3930 | D:5      | Gained mutation: You regenerate magic rapidly. [demonic
                  | ancestry]
  3930 | D:5      | Reached XP level 7. HP: 52/52 MP: 10/10
  3984 | D:5      | Reached skill level 5 in Invocations
  3991 | D:5      | Reached skill level 5 in Dodging
  4491 | D:6      | Reached skill level 5 in Armour
  4491 | D:6      | Gained mutation: A demonic guardian rushes to your aid.
                  | [demonic ancestry]
  4491 | D:6      | Reached XP level 8. HP: 58/58 MP: 12/12
  5060 | D:7      | Found a staircase to the Ecumenical Temple.
  5545 | D:7      | Noticed Dowan
  5545 | D:7      | Noticed Duvessa
  5563 | D:7      | Killed Duvessa
  5577 | D:7      | Killed Dowan
  5820 | Temple   | Entered the Ecumenical Temple
  6000 | Temple   | Became a worshipper of Qazlal Stormbringer
  6059 | D:8      | Gained mutation: You have a pair of horns on your head.
                  | [potion of mutation]
  6059 | D:8      | Gained mutation: Your body sometimes deteriorates upon
                  | taking damage. [potion of mutation]
  6059 | D:8      | Gained mutation: You have sharp toenails. [potion of
                  | mutation]
  6087 | D:8      | Noticed Prince Ribbit
  6088 | D:8      | Gained mutation: You are surrounded by a moderate repulsion
                  | field. (EV +3) [demonic ancestry]
  6088 | D:8      | Reached XP level 9. HP: 63/63 MP: 14/14
  6092 | D:8      | Noticed an elephant
  6093 | D:8      | Found a hide-covered altar of Uskayaw.
  6093 | D:8      | Found a burning altar of Makhleb.
  6094 | D:8      | Noticed Joseph
  6094 | D:8      | Noticed Maggie
  6106 | D:8      | Killed an elephant
  6114 | D:8      | Killed Joseph
  6114 | D:8      | Killed Prince Ribbit
  6117 | D:8      | Killed Maggie
  6122 | D:8      | Found a staircase to the Lair.
  6163 | D:8      | Found a snail-covered altar of Cheibriados.
  6163 | D:8      | Found an opulent altar of Gozag.
  6163 | D:8      | Found an ornate altar of the Wu Jian Council.
  6163 | D:8      | Found a blossoming altar of Fedhas.
  6315 | D:8      | Reached * piety under Qazlal
  6316 | D:8      | Gained mutation: A powerful demonic guardian rushes to your
                  | aid. [demonic ancestry]
  6316 | D:8      | Reached XP level 10. HP: 70/70 MP: 16/16
  6382 | D:8      | Noticed Maurice
  6390 | D:8      | Killed Maurice
  6732 | D:9      | Reached skill level 10 in Invocations
  6958 | D:9      | Reached ** piety under Qazlal
  6977 | D:9      | Noticed a manticore
  6984 | D:9      | Noticed a centaur warrior
  6985 | D:9      | Killed a manticore
  6986 | D:9      | Reached skill level 10 in Armour
  6986 | D:9      | Reached skill level 10 in Dodging
  6986 | D:9      | Killed a centaur warrior
  6987 | D:9      | Reached XP level 11. HP: 16/75 MP: 14/18
  6997 | D:9      | Noticed a two-headed ogre
  7004 | D:9      | Killed a two-headed ogre
  7019 | D:9      | Noticed a centaur warrior
  7031 | D:9      | HP: 2/75 [troll (6)]
  7032 | D:9      | Killed a centaur warrior
  7032 | D:9      | Mangled by a troll

Illustrated notes

Levels and vault maps discovered:
D:1:      minmay_arrival_three_doors, layout_basic, serial_shops, shop,
          interstate_on_off, chequers_serial_rivers_micro_e,
          minmay_misc_feat_alley, minmay_hexomino_u4
D:2:      layout_basic, serial_shops, nicolae_shop_statue_plus
D:3:      layout_basic, mainiacjoe_overflow_big_doors, serial_shops, shop,
          uniq_jessica
D:4:      layout_basic
D:5:      layout_basic, nicolae_eternal_life
D:6:      layout_rooms, serial_demonic, serial_demonic_b, serial_demonic_g,
          serial_demonic_a, serial_demonic_e
D:7:      layout_cave_pods, minmay_temple_entry_wispy, minmay_misc_feat_tiny,
          uniq_duvessa
D:8:      layout_loops_ring, grunt_temple_overflow_open, david_lair_generic,
          uniq_maurice, uniq_joseph, uniq_prince_ribbit1, uniq_maggie
D:9:      minmay_the_grid_square_5x5_4x4
          [minmay_the_grid_square_5x5_two_walls_b,
          minmay_the_grid_square_5x5_shuriken,
          minmay_the_grid_square_5x5_spiral, minmay_the_grid_square_5x5_z,
          minmay_the_grid_square_5x5_six_small,
          minmay_the_grid_square_5x5_prize_junk,
          minmay_the_grid_square_5x5_prize_deathbox,
          minmay_the_grid_square_5x5_inner_v,
          minmay_the_grid_square_5x5_n_small,
          minmay_the_grid_square_5x5_prize_snowflake,
          minmay_the_grid_square_5x5_prize_itemx,
          minmay_the_grid_square_5x5_checkered_statues,
          minmay_the_grid_square_5x5_spiral_small,
          minmay_the_grid_square_5x5_checkered_sparse,
          minmay_the_grid_square_5x5_three_small,
          minmay_the_grid_square_5x5_minivault], layout_cave_pools, special_room
          [special_room_orc], serial_bayou, serial_bayou_shore_b,
          serial_bayou_crossing, serial_bayou_lagoon_a, serial_bayou_pond_d,
          billiards_dpeg
Temple:   minmay_temple_curvy_branch

Skill      XL: |  1  2  3  4  5  6  7  8  9 10 |
---------------+-------------------------------+-----
Dodging        | 1 2 3 4 5 7 8 10 | 10.4
Invocations    | 1 2 3 4 5 7 9 10 | 10.0
Armour         | 3 4 5 6 8 10 | 10.4
Fighting       | |  3.0
Axes           | |  1.7
Shields        | |  2.6

Action                     |  1- 3 |  4- 6 |  7- 9 | 10-12 || total
---------------------------+-------+-------+-------+-------++-------
  Melee: War axe           |   109 |   132 |   275 |    93 ||   609
         Headbutt          |       |    24 |    58 |    24 ||   106
         Kick              |       |       |    21 |    42 ||    63
 Invoke: Upheaval          |       |       |       |     1 ||     1
  Evoke: Wand              |       |       |       |     2 ||     2
    Use: Scroll            |     1 |     8 |     6 |       ||    15
         Potion            |       |       |     3 |     5 ||     8
 Armour: Scale mail        |    56 |    33 |       |       ||    89
         Plate armour      |       |    28 |   378 |   199 ||   605
  Dodge: Dodged            |    53 |    44 |   153 |   119 ||   369
  Block: Buckler           |    14 |       |       |       ||    14
         Tower shield      |    67 |   127 |   373 |   179 ||   746
